 Dungeon Crawl Stone Soup version 0.30-a0-618-gd6c86c23d0 (webtiles) character file.

Game seed: 12081460563066708966

56 Vylera the Magician (level 4, -6/27 HPs)
             Began as a Djinni Fire Elementalist on Jan 9, 2023.
             Was a Follower of Hepliaklqana.
             Mangled by Sigmund
             ... wielding a +7 scythe of protection
              (15 damage)
             ... on level 2 of the Dungeon.
             The game lasted 00:06:53 (1077 turns).

Vylera the Magician (Djinni Fire Elementalist)      Turns: 1077, Time: 00:06:53

Health: -6/27      AC:  5    Str: 13    XL:     4   Next: 15%
Gold:   80         EV: 12    Int: 19    God:    Hepliaklqana [*.....] SH:  0 Dex: 13

rFire   + + .      SeeInvis .    i - +0 short sword
rCold   x . .      Faith    .    (no shield)
rNeg    . . .      Spirit   .    a - +0 robe
rPois   ∞          Reflect  .    (no helmet)
rElec   .          Harm     .    m - +2 cloak
rCorr   .          Rampage  .    (no gloves)
Will    .....                    (boots unavailable)
Stlth   +                        (no amulet)
HPRegen 0.24/turn                p - +6 ring of strength
MPRegen 0.00/turn                (no ring)

@: confused, mighty, ambrosia-drunk, attractive, flying
A: reduced essence, sickness immunity, fire resistance 2, cold vulnerability 1,
float, innate caster, HP casting, extra vitality 1
a: Renounce Religion, Recall Ancestor, Ancestor Identity


You were on level 2 of the Dungeon.
You worshipped Hepliaklqana.
Hepliaklqana was aware of your devotion.
You visited 1 branch of the dungeon, and saw 2 of its levels.

You collected 80 gold pieces.

Inventory:

Hand Weapons
 i - a +0 short sword (weapon)
Missiles
 h - 6 javelins
Armour
 a - a +0 robe (worn)
 m - a +2 cloak (worn)
Jewellery
 p - a +6 ring of strength (left hand)
Scrolls
 d - a scroll of vulnerability {unknown}
 e - a scroll of teleportation {unknown}
 o - 2 scrolls of identify {unknown}
Potions
 b - a potion of magic
 f - a potion of brilliance
 k - a potion of curing {unknown}
 l - a potion of cancellation {unknown}
 n - a potion of berserk rage {unknown}
 q - a potion of heal wounds {unknown}


   Skills:
 - Level 2.1 Dodging
 - Level 1.5 Stealth
 + Level 3.7 Spellcasting


You couldn't memorise any spells.
You knew the following spells:

 Your Spells              Type           Power      Damage    Failure   Level
a - Foxfire               Conj/Fire      68%        2x1d7     3%          1
b - Scorch                Fire           34%        2d7       4%          2
c - Kindle Blastsparks    Fire/Tloc/Air  34%        2d12      10%         3
d - Inner Flame           Hex/Fire       17%        N/A       10%         3
e - Flame Wave            Conj/Fire      17%        2d7       30%         4
f - Sandblast             Erth           34%        2d9       3%          1
Your spell library was empty.

Dungeon Overview and Level Annotations

Branches:
Dungeon (2/15)

Altars:
Hepliaklqana

Annotations:
D:2 Sigmund


Innate Abilities, Weirdness & Mutations

Your life essence is reduced to manifest your ancestor. (-10% HP)
You are immune to sickness and miasma.
You are immune to poison.
Your flesh is very heat resistant. (rF++)
You are vulnerable to cold. (rC-)
You float through the air rather than walking.
You learn spells naturally, not from books.
Your magical power is your life essence.
You have superior vitality. (+4 MHP)


Message History

Aiming: Sandblast (safe; 3% risk of failure)
Press: ? - help, Shift-Dir - straight line, f - Sigmund
Aim: Sigmund, wielding a +7 scythe of protection, wearing a +2 robe of willpower and carrying a wand of polymorph (7) (lightly wounded, spells empowered, ally target, 80% to hit)
The blast of sand hits Sigmund but does no damage.
Sigmund is lightly wounded.
The foxfire hits Sigmund but does no damage.
Sigmund is lightly wounded.
The foxfire hits Sigmund but does no damage.
Sigmund is lightly wounded.
The foxfire hits Sigmund.
Sigmund is lightly wounded.
Vusi closely misses Sigmund.
Sigmund gestures at you while chanting. The magic dart hits you!
* * * LOW HITPOINT WARNING * * *
Casting: Sandblast (safe; 3% risk of failure)
Confirm with . or Enter, or press ? or * to list all spells.
Flames lash Sigmund but do no damage.
* * * LOW HITPOINT WARNING * * *
Vusi barely misses Sigmund.
Sigmund mumbles some strange words.
Sigmund flickers and vanishes!
Deactivating autopickup; reactivate with Ctrl-A.
It was a potion of might.
You feel very mighty all of a sudden.
Vusi hits something.
You hear some strange, mumbled words.
Vusi appears confused.
It was a potion of ambrosia.
You are confused.
You feel invigorated.
You hear some strange, mumbled words.
A puff of flame appears from out of thin air!
The puff of flame hits you. You resist.
* * * LOW HITPOINT WARNING * * *
It was a potion of attraction.
You feel attractive to monsters. Something hits you!
Ouch! That really hurt!
You die...

......# ###...# ....[#
#...######## ....?.
##.)†#......# ....#
#.†.........#####.#†..
+........[..+....).....
#.....###...#R..{.#..#
#...........#....)..#
#........##....@#
#........##.##.##
#........##.##.†.
##........##.######
#....#....##..
.....#....###.
#....###### . #.....#
.. #.....#


You could see the friendly Vusi the ancestor (confused).

Vanquished Creatures
  A worm (D:2)
  3 dart slugs
  2 endoplasms (D:1)
  A giant cockroach (D:1)
  5 goblins
  2 hobgoblins
  6 jackals (D:1)
  3 quokkas (D:1)
  5 ball pythons
  2 bats (D:1)
  2 frilled lizards
  5 kobolds
  2 rats
39 creatures vanquished.

Vanquished Creatures (collateral kills)
  A giant cockroach (D:2)
  A hobgoblin (D:1)
  A kobold (D:1)
3 creatures vanquished.

Vanquished Creatures (others)
  An ancestor (D:1)
  89 foxfires
90 creatures vanquished.

Grand Total: 132 creatures vanquished

Notes
Turn   | Place    | Note
-------+----------+-------------------------------------------
     0 | D:1      | Vylera the Djinni Fire Elementalist began the quest for the
                  | Orb.
     0 | D:1      | Vylera set off with the following spells memorised:
                  | Foxfire, Scorch, Kindle Blastsparks, Inner Flame, Flame
                  | Wave.
     0 | D:1      | Reached XP level 1. HP: 15/15 MP: 0/0
   163 | D:1      | Reached XP level 2. HP: 20/21 MP: 0/0
   373 | D:1      | Found a faded altar of an unknown god.
   388 | D:1      | Prayed at the altar of an unknown god.
   388 | D:1      | Became a worshipper of Hepliaklqana the Forgotten
   388 | D:1      | Reached * piety under Hepliaklqana
   397 | D:1      | Reached skill level 3 in Spellcasting
   457 | D:1      | Reached XP level 3. HP: 10/22 MP: 0/0
   457 | D:1      | Learned a level 1 spell: Sandblast
  1038 | D:2      | Reached XP level 4. HP: 24/27 MP: 0/0
  1068 | D:2      | Noticed Sigmund
  1077 | D:2      | Mangled by Sigmund

Illustrated notes

Levels and vault maps discovered:
D:1:      lemuel_arrival_rhombus, layout_loops_ring,
          hellmonk_ecumenical_altar_pennies_from_heaven
D:2:      layout_basic, uniq_sigmund

Skill      XL: |  1  2 |
---------------+-------+-----
Spellcasting   | 3 |  3.7
Dodging        | |  2.1
Stealth        | |  1.5

Action                   |  1- 3 |  4- 6 || total
-------------------------+-------+-------++-------
Melee: Unarmed           |     2 |       ||     2
       Short sword       |    10 |       ||    10
 Cast: Foxfire           |    64 |     2 ||    66
       Sandblast         |     2 |     4 ||     6
       Scorch            |       |     1 ||     1
  Use: Potion            |       |     3 ||     3
 Stab: Sleeping          |     1 |       ||     1
Armor: Robe              |    11 |       ||    11
Dodge: Dodged            |    22 |       ||    22

Table legend: (Time is in decaauts)
 A = Elapsed time spent in this place.
 B = Non-inter-level travel time spent in this place.
 C = Inter-level travel time spent in this place.
 D = Time resting spent in this place.
 E = Time spent auto-exploring this place.
 F = Levels seen in this place.
 G = Mean time per level.
                   A        B        C        D        E       F      G
               +--------+--------+--------+--------+--------+-----+--------+
         Total |   1078 |   1040 |     38 |      0 |    761 |   2 |  539.0 |
       Dungeon |   1078 |   1040 |     38 |      0 |    761 |   2 |  539.0 |
               +--------+--------+--------+--------+--------+-----+--------+

Top non-repeatable levels by time:
     D:1: 853 daAuts
     D:2: 225 daAuts
